 Dungeon Crawl Stone Soup version 0.30-a0-723-gc1506a1cf0 (webtiles) character file.

Game seed: 12584092549457072005

1563 Leeroy the Grasshopper (level 8, -6/64 HPs)
             Began as a Gnoll Warper on Jan 28, 2023.
             Was a Follower of Qazlal.
             Killed from afar by Maggie (43 damage)
             ... with a bolt of fire
             ... on level 6 of the Dungeon.
             The game lasted 00:08:57 (6373 turns).

Leeroy the Grasshopper (Gnoll Warper)               Turns: 6373, Time: 00:08:58

Health: -6/64      AC:  4    Str: 11    XL:     8   Next: 89%
Magic:  7/17       EV: 15    Int: 12    God:    Qazlal [*.....]
Gold:   237        SH:  2    Dex: 20    Spells: 4/19 levels left

rFire   x . .      SeeInvis .    m - +0 lajatang
rCold   + . .      Faith    .    (shield currently unavailable)
rNeg    . . .      Spirit   .    b - +0 leather armour
rPois   .          Reflect  .    (no helmet)
rElec   .          Harm     .    (no cloak)
rCorr   .          Rampage  .    l - +0 pair of gloves
Will    .....                    (no boots)
Stlth   ++                       (no amulet)
HPRegen 0.30/turn                B - +6 ring of dexterity
MPRegen 0.15/turn                y - ring of ice

@: no status effects
A: fangs 1, strong nose, distributed training
a: Renounce Religion


You were on level 6 of the Dungeon.
You worshipped Qazlal.
Qazlal was aware of your devotion.
You visited 1 branch of the dungeon, and saw 6 of its levels.
You also visited: Sewer.

You collected 237 gold pieces.

Inventory:

Hand Weapons
 a - a +0 falchion
 h - a +2 dagger of draining
 m - a +0 lajatang (weapon)
 r - a +2 whip of freezing
 t - a +2 dagger of freezing
Missiles
 d - 5 boomerangs of dispersal (quivered)
 i - a throwing net
 w - 18 poisoned darts
Armour
 b - a +0 leather armour (worn)
 l - a +0 pair of gloves (worn)
Jewellery
 y - a ring of ice (right hand)
 B - a +6 ring of dexterity (left hand)
Scrolls
 c - 5 scrolls of blinking
 f - 2 scrolls of vulnerability
 k - 2 scrolls of poison
 o - a scroll of silence
 u - a scroll of magic mapping
 v - a scroll of enchant armour
 z - a scroll of identify
 A - a scroll of fear {unknown}
Potions
 e - 2 potions of curing
 g - a potion of mutation {unknown}
 j - a potion of degeneration
 n - a potion of invisibility
 p - a potion of brilliance {unknown}
 q - 2 potions of might {unknown}
 s - a potion of attraction {unknown}
 x - a potion of haste {unknown}


   Skills:
 + Level 6.0 Fighting
 + Level 3.8 Short Blades
 + Level 6.0 Long Blades
 + Level 3.8 Axes
 + Level 3.8 Maces & Flails
 + Level 3.8 Polearms
 + Level 3.8 Staves
 + Level 3.8 Ranged Weapons
 + Level 4.6 Throwing
 + Level 4.6 Armour
 + Level 6.0 Dodging
 + Level 3.8 Stealth
 + Level 3.8 Shields
 + Level 3.8 Unarmed Combat
 + Level 6.3 Spellcasting
 + Level 3.1 Conjurations
 + Level 3.1 Hexes
 + Level 3.1 Summonings
 + Level 3.1 Necromancy
 + Level 6.3 Translocations
 + Level 3.1 Transmutations
 + Level 3.1 Fire Magic
 + Level 3.1 Ice Magic
 + Level 3.1 Air Magic
 + Level 3.1 Earth Magic
 + Level 3.1 Poison Magic
 + Level 4.2 Invocations
 + Level 3.8 Evocations


You had 4 spell levels left.
You knew the following spells:

 Your Spells              Type           Power      Damage    Failure   Level
a - Blink                 Tloc           38%        N/A       2%          2
b - Teleport Other        Tloc           19%        N/A       4%          3
c - Vhi's Electric Charg  Tloc/Air       30%        N/A       10%         3
d - Kindle Blastsparks    Fire/Tloc/Air  26%        2d12      12%         3
e - Manifold Assault      Tloc           19%        N/A       16%         4

Your spell library contained the following spells:

 Spells                   Type           Power      Damage    Failure   Level
 Lesser Beckoning         Tloc           38%        N/A       2%          2
 Ignite Poison            Fire/Tmut/Pois 11%        N/A       19%         3
 Freezing Cloud           Conj/Ice/Air   8%         6-21      86%         5


Dungeon Overview and Level Annotations

Branches:
Dungeon (6/15)             Temple (0/1) D:5           Sewer (visited)

Altars:
Elyvilon
Fedhas
Qazlal
Wu Jian
Yredelemnul
Zin
The Shining One

Shops:
D:1 :   D:4 *

Annotations:
D:6 Maggie


Innate Abilities, Weirdness & Mutations

You have very sharp teeth.
Your uncanny sense of smell can sniff out nearby items.
Your experience applies equally to all skills.


Message History

The adder bites you. Maggie closely misses you. The adder misses you.
You barely miss the adder.
The adder is almost dead.
Maggie says, "If you die in the Dungeon, but nobody's around to see it, does it really matter?"
Maggie closely misses you. The adder misses you.
You slash the adder!
You kill the adder!
Qazlal accepts your kill. Maggie hits you with a +0 long sword.
You hit Maggie but do no damage. Your bite misses Maggie.
Maggie is lightly wounded.
Maggie hits you but does no damage. You block Maggie's attack.
You hit Maggie.
Maggie is lightly wounded.
Maggie hits you with a +0 long sword. The orc hits you with a +0 club.
You hit Maggie but do no damage.
Maggie is lightly wounded.
The orc throws a boomerang.
The boomerang closely misses you. Maggie completely misses you.
The orc hits you with a +0 club.
Casting: Manifold Assault (dangerous; 16% risk of failure)
Confirm with . or Enter, or press ? or * to list all spells.
You blink.
Found a robe.
You break out of your daze!
The orc wizard casts a spell.
The orc wizard flickers and vanishes!
Deactivating autopickup; reactivate with Ctrl-A.
You feel stable enough to blink again.
You are confused.
Maggie mumbles some strange words.
Maggie attempts to bespell you! You resist.
You bump into the closed door.
You feel less confused.
The orc throws a boomerang.
The boomerang misses you.
Okay, then.
You open the door.
The orc throws a boomerang.
The boomerang barely misses you. The orc hits you with a +0 club.
Maggie casts a spell at you. The bolt of fire hits you!!!
The fire burns you terribly!
Ouch! That really hurt!
You die...

############
#...#.......
#...@.......
#...#.......
#..o##......
######...##.[....
#...o@...........
#....o...?.......
#................
#................
#..............


You could see Maggie and 3 orcs.

Vanquished Creatures
  A water moccasin (D:5)
  A black bear (D:4)
  A centaur (D:6)
  2 ogres
  A phantom (D:4)
  3 kobold brigands (Sewer)
  3 scorpions
  2 jellies (D:5)
  7 orc priests
  A hound (D:5)
  4 iguanas
  2 orc wizards
  5 gnolls
  2 river rats (Sewer)
  6 adders
  An ufetubus (D:5)
  3 worms
  4 dart slugs
  7 orcs
  8 ball pythons
  4 endoplasms
  7 giant cockroaches
  8 goblins
  A hobgoblin (D:1)
  4 jackals (D:1)
  A quokka (D:1)
  2 bats
  2 frilled lizards (D:1)
  10 kobolds
  9 rats
112 creatures vanquished.

Notes
Turn   | Place    | Note
-------+----------+-------------------------------------------
     0 | D:1      | Leeroy the Gnoll Warper began the quest for the Orb.
     0 | D:1      | Reached XP level 1. HP: 20/20 MP: 6/6
   114 | D:1      | Reached XP level 2. HP: 10/26 MP: 7/7
   256 | D:1      | Reached skill level 5 in Spellcasting
   256 | D:1      | Reached XP level 3. HP: 20/31 MP: 7/9
   387 | D:1      | Reached skill level 1 in Invocations
   635 | D:1      | Found Nottet's Book Emporium.
   664 | D:1      | Reached skill level 1 in Short Blades
   664 | D:1      | Reached skill level 1 in Axes
   664 | D:1      | Reached skill level 1 in Maces & Flails
   664 | D:1      | Reached skill level 1 in Polearms
   664 | D:1      | Reached skill level 1 in Staves
   664 | D:1      | Reached skill level 1 in Ranged Weapons
   664 | D:1      | Reached skill level 1 in Stealth
   664 | D:1      | Reached skill level 1 in Shields
   664 | D:1      | Reached skill level 1 in Unarmed Combat
   664 | D:1      | Reached skill level 1 in Evocations
   908 | D:2      | You fall into a shaft and drop 1 floor!
   908 | D:3      | Found an ornate altar of the Wu Jian Council.
  1004 | D:3      | Found a stormy altar of Qazlal.
  1111 | D:3      | Became a worshipper of Qazlal Stormbringer
  1277 | D:3      | Reached XP level 4. HP: 32/38 MP: 11/11
  1368 | D:3      | Found a glowing silver altar of Zin.
  1368 | D:3      | Found a glowing golden altar of the Shining One.
  1368 | D:3      | Found a white marble altar of Elyvilon.
  1729 | D:4      | Noticed a black bear
  1738 | D:4      | Killed a black bear
  1739 | D:4      | Reached skill level 1 in Conjurations
  1739 | D:4      | Reached skill level 1 in Hexes
  1739 | D:4      | Reached skill level 1 in Summonings
  1739 | D:4      | Reached skill level 1 in Necromancy
  1739 | D:4      | Reached skill level 1 in Transmutations
  1739 | D:4      | Reached skill level 1 in Fire Magic
  1739 | D:4      | Reached skill level 1 in Ice Magic
  1739 | D:4      | Reached skill level 1 in Air Magic
  1739 | D:4      | Reached skill level 1 in Earth Magic
  1739 | D:4      | Reached skill level 1 in Poison Magic
  1739 | D:4      | Reached XP level 5. HP: 30/43 MP: 12/12
  1812 | D:4      | Learned a level 2 spell: Blink
  1816 | D:4      | Learned a level 3 spell: Teleport Other
  1820 | D:4      | Learned a level 3 spell: Vhi's Electric Charge
  1824 | D:4      | Learned a level 3 spell: Kindle Blastsparks
  1964 | D:4      | Found Oma Gaoph's Assorted Antiques.
  1988 | D:4      | Reached XP level 6. HP: 38/50 MP: 14/14
  1998 | D:4      | Reached skill level 5 in Fighting
  1998 | D:4      | Reached skill level 5 in Long Blades
  1998 | D:4      | Reached skill level 5 in Dodging
  2539 | D:4      | Reached XP level 7. HP: 16/56 MP: 15/15
  2702 | D:4      | Learned a level 4 spell: Manifold Assault
  3211 | D:5      | Entered Level 5 of the Dungeon
  3335 | D:5      | Found a glowing drain.
  3358 | Sewer    | Entered a sewer
  3369 | Sewer    | Reached * piety under Qazlal
  4072 | Sewer    | Reached XP level 8. HP: 22/63 MP: 16/16
  4473 | D:5      | Found a staircase to the Ecumenical Temple.
  4771 | D:5      | Found a blossoming altar of Fedhas.
  5199 | D:5      | Found a basalt altar of Yredelemnul.
  5470 | D:5      | Reached ** piety under Qazlal
  6345 | D:6      | Noticed Maggie
  6373 | D:6      | Killed from afar by Maggie

Illustrated notes

Levels and vault maps discovered:
D:1:      mrwooster_arrival_statue_3, layout_loops_cross, serial_shops, shop
D:2:      layout_basic, chequers_ecumenical_altar_simple, basic_altar
D:3:      layout_loops_ring, good_gods_mini_temple,
          nicolae_wu_jian_immortal_techniques, grunt_qazlal_clouds,
          chequers_avenue
D:4:      layout_basic, serial_shops, nicolae_diamond_shop
D:5:      layout_basic, old_standard_altar, lemuel_doored_altar,
          minmay_temple_entry_antechambers, cheibrodos_sewer_entry_drain,
          minivault_5, kennysheep_generic_room_10
D:6:      layout_gridville, uniq_duvessa, uniq_pikel, uniq_maggie

Skill      XL: |  1  2  3  4  5  6  7  8 |
---------------+-------------------------+-----
Spellcasting   | 5 6 |  6.3
Invocations    | 1 2 3 4 |  4.2
Short Blades   | 1 2 3 |  3.8
Axes           | 1 2 3 |  3.8
Maces & Flails | 1 2 3 |  3.8
Polearms       | 1 2 3 |  3.8
Staves         | 1 2 3 |  3.8
Ranged Weapons | 1 2 3 |  3.8
Stealth        | 1 2 3 |  3.8
Shields        | 1 2 3 |  3.8
Unarmed Combat | 1 2 3 |  3.8
Evocations     | 1 2 3 |  3.8
Throwing       | 3 4 |  4.6
Armour         | 3 4 |  4.6
Conjurations   | 1 2 3 |  3.1
Hexes          | 1 2 3 |  3.1
Summonings     | 1 2 3 |  3.1
Necromancy     | 1 2 3 |  3.1
Transmutations | 1 2 3 |  3.1
Fire Magic     | 1 2 3 |  3.1
Ice Magic      | 1 2 3 |  3.1
Air Magic      | 1 2 3 |  3.1
Earth Magic    | 1 2 3 |  3.1
Poison Magic   | 1 2 3 |  3.1
Fighting       | 5 6 |  6.0
Long Blades    | 5 6 |  6.0
Dodging        | 5 6 |  6.0
Translocations | 6 |  6.3

Action                     |  1- 3 |  4- 6 |  7- 9 || total
---------------------------+-------+-------+-------++-------
  Melee: Falchion          |    59 |     2 |    59 ||   120
         Bite              |     9 |     8 |    32 ||    49
         Dagger            |    41 |    72 |     7 ||   120
         Punch             |     2 |     2 |     2 ||     6
         Lajatang          |       |       |   224 ||   224
  Throw: Boomerang         |       |     2 |       ||     2
   Cast: Blink             |       |     2 |     1 ||     3
         Kindle Blastspark |       |       |     1 ||     1
         Vhi's Electric Ch |       |       |     3 ||     3
         Teleport Other    |       |       |     1 ||     1
         Manifold Assault  |       |       |     1 ||     1
    Use: Scroll            |       |       |     9 ||     9
         Potion            |       |       |     8 ||     8
   Stab: Sleeping          |     1 |     3 |       ||     4
 Armour: Leather armour    |    15 |    14 |    51 ||    80
  Dodge: Dodged            |    68 |    50 |   194 ||   312
  Block: Other             |       |       |    13 ||    13

Table legend: (Time is in decaauts)
 A = Elapsed time spent in this place.
 B = Non-inter-level travel time spent in this place.
 C = Inter-level travel time spent in this place.
 D = Time resting spent in this place.
 E = Time spent auto-exploring this place.
 F = Levels seen in this place.
 G = Mean time per level.
                   A        B        C        D        E       F      G
               +--------+--------+--------+--------+--------+-----+--------+
         Total |   6503 |   6275 |    228 |    540 |   4556 |   7 |  929.0 |
       Dungeon |   5307 |   5079 |    228 |    334 |   3866 |   6 |  884.5 |
         Sewer |   1195 |   1195 |      0 |    206 |    690 |   1 | 1195.0 |
               +--------+--------+--------+--------+--------+-----+--------+

Top non-repeatable levels by time:
     D:5: 1723 daAuts
     D:4: 1371 daAuts
   Sewer: 1195 daAuts
     D:3: 974 daAuts
     D:1: 911 daAuts
     D:6: 326 daAuts
